 Dungeon Crawl Stone Soup version 0.30-a0-867-g305f33218d (webtiles) character file.

Game seed: 2199025106586534722

3589 NinjaNoafa the Ducker (level 10, 0/79 HPs)
             Began as a Merfolk Gladiator on Mar 10, 2023.
             Was a Follower of Uskayaw.
             Slain by an orc warrior
             ... wielding a +0 battleaxe
              (14 damage)
             ... on level 7 of the Dungeon.
             The game lasted 00:24:55 (8028 turns).

NinjaNoafa the Ducker (Merfolk Gladiator)           Turns: 8028, Time: 00:24:56

Health: 0/79       AC:  5    Str: 14    XL:     10   Next: 10%
Magic:  9/13       EV: 16    Int:  8    God:    Uskayaw [*.....]
Gold:   224        SH:  6    Dex: 20    Spells: 9/9 levels left

rFire   + . .      SeeInvis .    a - +3 dagger (speed)
rCold   . . .      Faith    .    D - +0 buckler
rNeg    . . .      Spirit   .    b - +0 leather armour
rPois   .          Reflect  .    c - +0 helmet
rElec   .          Rampage  .    k - +0 cloak
rCorr   .                        (no gloves)
Will    .....                    (no boots)
Stlth   +                        (no amulet)
HPRegen 0.33/turn                p - ring of protection from fire
MPRegen 0.13/turn                (no ring)

@: no status effects
A: (nimble swimmer 2), mertail
a: Renounce Religion, Stomp


You were on level 7 of the Dungeon.
You worshipped Uskayaw.
Uskayaw was noncommittal.
You visited 2 branches of the dungeon, and saw 9 of its levels.
You also visited: Sewer.

You collected 345 gold pieces.
You spent 121 gold pieces at shops.

Inventory:

Hand Weapons
 a - a +3 dagger of speed (weapon)
Missiles
 o - 6 poisoned darts (quivered)
 u - 4 boomerangs of dispersal
Armour
 b - a +0 leather armour (worn)
 c - a +0 helmet (worn)
 e - a +0 pair of boots
 k - a +0 cloak (worn)
 D - a +0 buckler (worn)
Jewellery
 p - a ring of protection from fire (left hand)
Wands
 y - a wand of flame (24)
 A - a wand of quicksilver (13)
 J - a wand of iceblast (14)
Scrolls
 f - 3 scrolls of teleportation
 g - 2 scrolls of amnesia {unknown}
 h - a scroll of poison {unknown}
 r - a scroll of fog {unknown}
 t - a scroll of blinking {unknown}
 v - 3 scrolls of fear
 x - 5 scrolls of noise
 B - a scroll of summoning {unknown}
 C - a scroll of magic mapping {unknown}
 F - a scroll of immolation {unknown}
 K - a scroll of enchant armour {unknown}
Potions
 i - 3 potions of mutation
 j - 2 potions of invisibility {unknown}
 l - 2 potions of might {unknown}
 m - 4 potions of haste
 n - 3 potions of degeneration
 q - a potion of attraction
 s - 4 potions of heal wounds
 w - 4 potions of magic
 z - 2 potions of curing
 E - a potion of cancellation {unknown}
 H - 2 potions of flight
 I - a potion of brilliance


   Skills:
 - Level 7.3 Fighting
 - Level 7.4 Short Blades
 - Level 6.0 Throwing
 - Level 7.5 Dodging
 - Level 4.0 Shields
 + Level 4.4 Invocations
 - Level 6.0 Evocations


You had 9 spell levels left.
You didn't know any spells.
Your spell library contained the following spells:

 Spells                   Type           Power      Damage    Failure   Level
 Animate Armour           Summ/Erth      0%         N/A       100%        4
 Blade Hands              Tmut           0%         N/A       100%        5
 Iron Shot                Conj/Erth      0%         9d1       100%        6


Dungeon Overview and Level Annotations

Branches:
Dungeon (8/15)             Temple (1/1) D:6           Sewer (visited)
   Lair: D:8-11

Altars:
Ashenzari
Cheibriados
Dithmenos
Elyvilon
Fedhas
Gozag
Hepliaklqana
Kikubaaqudgha
Makhleb
Nemelex Xobeh
Okawaru
Qazlal
Ru
Sif Muna
Trog
Uskayaw
Vehumet
Wu Jian
Xom
Yredelemnul
Zin
The Shining One

Shops:
D:7 !

Annotations:
D:8 Joseph


Innate Abilities, Weirdness & Mutations

((You are very nimble when in or above water. (Stealth+, EV+, Speed+++)))
Your lower body shifts to a powerful aquatic tail in water.


Message History

Throw: throwing net
Press: ? - help, Q - select action, (/) - cycle Shift-Dir - straight line, f/p - orc warrior
Aim: an orc warrior, wielding a +0 battleaxe and wearing a +0 chain mail (heavily wounded, 65% to hit)
You throw a throwing net.
The throwing net closely misses the orc warrior.
The throwing net hits the orc.
The orc is caught in the net!
The orc is almost dead.
The orc warrior hits you with a +0 battleaxe.
* * * LOW HITPOINT WARNING * * *
The orc struggles against the net.
You hit the orc warrior but do no damage.
The orc warrior is heavily wounded.
You hit the orc warrior.
The orc warrior is heavily wounded.
The orc warrior hits you with a +0 battleaxe.
* * * LOW HITPOINT WARNING * * *
You hit the orc warrior but do no damage.
The orc warrior is heavily wounded.
The orc struggles against the net.
Aiming: Line Pass
Press: ? - help, Dir - move target, p - orc warrior The orc warrior appears confused.
The orc appears confused.
You can no longer pass through a line of other dancers.
The orc warrior hits the orc with a +0 battleaxe!
The orc is killed!
Unknown command.
You see here a +1 heavy hand axe.
The orc warrior seems less confused.
The orc warrior hits you with a +0 battleaxe!
* * * LOW HITPOINT WARNING * * *
You hit the orc warrior.
The orc warrior is severely wounded.
The orc warrior hits you with a +0 battleaxe.
* * * LOW HITPOINT WARNING * * *
You hit the orc warrior.
The orc warrior is almost dead.
You hit the orc warrior.
The orc warrior is almost dead.
The orc warrior hits you with a +0 battleaxe!
You die...

####################
#...................
###.################
#.# #.# ###########
#.# #.......... #.#
####>......... #o#
#..)[.######## #@#
#.....#
#)###.....########
#(.)...#'###......
######.#.###......
#.#...'......
#.#####......
#.#####......
#............
########.######.


You could see an orc warrior.

Vanquished Creatures
  A hornet (D:7)
  A human (D:7)
  4 hogs (D:7)
  3 water moccasins
  2 ice beasts
  2 sky beasts
  2 black bears
  2 ogres
  A centaur (D:7)
  2 bullfrogs
  4 scorpions
  5 hounds
  A gnoll bouda (D:7)
  4 jellies (Sewer)
  4 orc priests
  6 iguanas
  2 sleepcaps
  10 orc wizards
  10 gnolls
  6 adders
  A river rat (Sewer)
  A white imp (D:8)
  2 ufetubi
  5 worms
  A dart slug (D:2)
  41 orcs
  5 bats
  22 endoplasms
  6 giant cockroaches
  9 goblins
  8 hobgoblins
  4 jackals (D:2)
  3 kobolds (D:4)
  3 quokkas
  13 ball pythons
  4 frilled lizards
  9 rats
209 creatures vanquished.

Notes
Turn   | Place    | Note
-------+----------+-------------------------------------------
     0 | D:1      | NinjaNoafa the Merfolk Gladiator began the quest for the
                  | Orb.
     0 | D:1      | Reached XP level 1. HP: 16/16 MP: 1/1
    62 | D:1      | Reached XP level 2. HP: 22/22 MP: 2/2
   268 | D:1      | Reached XP level 3. HP: 27/27 MP: 3/3
   273 | D:1      | Reached skill level 5 in Short Blades
   625 | D:2      | Found a shimmering altar of Xom.
   971 | D:2      | Reached XP level 4. HP: 34/34 MP: 4/4
  1510 | D:3      | Reached XP level 5. HP: 21/41 MP: 5/5
  1595 | D:3      | Noticed a black bear
  1628 | D:3      | Killed a black bear
  1680 | D:3      | Identified the +1 leather armour of the Sailor {Harm
                  | Rampage *Slow Regen+}
  1981 | D:3      | Reached XP level 6. HP: 46/47 MP: 6/6
  2163 | D:3      | Reached skill level 5 in Dodging
  2777 | D:4      | Found a glowing drain.
  2786 | Sewer    | Entered a sewer
  3154 | Sewer    | Reached XP level 7. HP: 53/54 MP: 7/7
  3238 | Sewer    | Found a viscous altar of Jiyva.
  3509 | D:4      | Found a glowing golden altar of the Shining One.
  3509 | D:4      | Found a shadowy altar of Dithmenos.
  3509 | D:4      | Found an ancient bone altar of Kikubaaqudgha.
  3511 | D:4      | Found a sacrificial altar of Ru.
  4075 | D:4      | Reached skill level 5 in Fighting
  4234 | D:5      | Entered Level 5 of the Dungeon
  4618 | D:5      | Reached XP level 8. HP: 41/62 MP: 8/8
  5426 | D:5      | Reached skill level 1 in Shields
  5838 | D:6      | Reached skill level 1 in Evocations
  6003 | D:6      | Found a staircase to the Ecumenical Temple.
  6037 | D:6      | Reached XP level 9. HP: 32/72 MP: 9/9
  6077 | Temple   | Entered the Ecumenical Temple
  6085 | Temple   | Became a worshipper of Uskayaw the Reveller
  6304 | D:6      | Reached * piety under Uskayaw
  6313 | D:6      | Reached ** piety under Uskayaw
  6602 | D:7      | Reached *** piety under Uskayaw
  6603 | D:7      | Reached **** piety under Uskayaw
  6604 | D:7      | Reached skill level 1 in Invocations
  6736 | D:7      | Found Putonyfe's Distillery.
  6744 | D:7      | Bought a potion of degeneration for 11 gold pieces
  6744 | D:7      | Bought a potion of flight for 33 gold pieces
  6744 | D:7      | Bought a potion of brilliance for 44 gold pieces
  6744 | D:7      | Bought a potion of flight for 33 gold pieces
  6780 | D:7      | Noticed a hornet
  6784 | D:7      | Killed a hornet
  7476 | D:7      | Reached skill level 5 in Throwing
  7476 | D:7      | Reached skill level 5 in Evocations
  7548 | D:7      | Reached XP level 10. HP: 77/79 MP: 10/12
  7895 | D:8      | Noticed Joseph
  8028 | D:7      | Slain by an orc warrior

Illustrated notes

Levels and vault maps discovered:
D:1:      tekkud_arrival_beachfront_property, layout_basic,
          minmay_misc_feat_four_crosses, minmay_hexomino_f4
D:2:      layout_loops_cross, basic_altar, minmay_misc_feat_columns,
          uniq_crazy_yiuf_cottage
D:3:      layout_basic, serial_aquarium, aquarium_bridge_straight
          [aquarium_subvault_bridge, aquarium_subvault_wall,
          aquarium_subvault_bridge, aquarium_subvault_wall],
          aquarium_bridge_square [aquarium_subvault_window,
          aquarium_subvault_wall, aquarium_subvault_bridge,
          aquarium_subvault_window], aquarium_window_1, aquarium_window_1,
          aquarium_window_1, aquarium_window_1, aquarium_view_2c,
          aquarium_view_2a, aquarium_pool_four
D:4:      layout_loops_corners, minitemple, cheibrodos_sewer_entry_drain,
          hangedman_decor_points
D:5:      layout_gridville, chequers_serial_rivers_micro_e,
          chequers_serial_rivers_small_a, grunt_ministairs_13
D:6:      layout_cave_pools, temple_fountains, serial_bayou_pond_a
D:7:      layout_basic, serial_shops, shop_statue, grunt_livestock
D:8:      layout_loops_cross, dpeg_lair_monsters, special_room
          [special_room_orc], uniq_joseph
Temple:   nicolae_temple_two_arcs

Skill      XL: |  1  2  3  4  5  6  7  8  9 10 |
---------------+-------------------------------+-----
Short Blades   | 4 5 6 7 |  7.4
Fighting       | 3 4 5 7 |  7.3
Throwing       | 4 6 |  6.0
Dodging        | 5 6 7 |  7.5
Shields        | 2 4 |  4.0
Evocations     | 4 6 |  6.0
Invocations    | 3 4 |  4.4

Action                     |  1- 3 |  4- 6 |  7- 9 | 10-12 || total
---------------------------+-------+-------+-------+-------++-------
  Melee: Rapier            |    83 |       |       |       ||    83
         Dagger            |    92 |   421 |   543 |    77 ||  1133
         Punch             |     1 |    11 |     6 |       ||    18
         Tailslap          |       |     7 |    12 |       ||    19
  Throw: Javelin           |     1 |    33 |    46 |     4 ||    84
         Throwing net      |       |     1 |     3 |     1 ||     5
 Invoke: Line Pass         |       |       |     1 |     2 ||     3
         Stomp             |       |       |       |     3 ||     3
  Evoke: Wand              |       |       |     1 |       ||     1
    Use: Scroll            |       |     5 |     7 |       ||    12
         Potion            |       |       |     1 |     1 ||     2
   Stab: Held in net/web   |       |     1 |     1 |       ||     2
         Sleeping          |       |     1 |     1 |       ||     2
         Paralysed         |       |       |     3 |     1 ||     4
         Confused          |       |       |     1 |       ||     1
 Armour: Leather armour    |    41 |    43 |    80 |     7 ||   171
  Dodge: Dodged            |   108 |   194 |   263 |    44 ||   609
  Block: Buckler           |       |       |    34 |    18 ||    52

Table legend: (Time is in decaauts)
 A = Elapsed time spent in this place.
 B = Non-inter-level travel time spent in this place.
 C = Inter-level travel time spent in this place.
 D = Time resting spent in this place.
 E = Time spent auto-exploring this place.
 F = Levels seen in this place.
 G = Mean time per level.
                   A        B        C        D        E       F      G
               +--------+--------+--------+--------+--------+-----+--------+
         Total |   7300 |   6895 |    405 |      0 |   4109 |  10 |  730.0 |
       Dungeon |   6721 |   6326 |    395 |      0 |   3764 |   8 |  840.1 |
        Temple |    187 |    177 |     10 |      0 |    162 |   1 |  187.0 |
         Sewer |    391 |    391 |      0 |      0 |    182 |   1 |  391.0 |
               +--------+--------+--------+--------+--------+-----+--------+

Top non-repeatable levels by time:
     D:5: 1267 daAuts
     D:7: 1220 daAuts
     D:4: 1174 daAuts
     D:3: 963 daAuts
     D:6: 691 daAuts
     D:2: 649 daAuts
     D:1: 636 daAuts
   Sewer: 391 daAuts
  Temple: 187 daAuts
     D:8: 118 daAuts
